 Dungeon Crawl Stone Soup version 0.27-a0-1177-g245c70e1c0 (webtiles) character file.

Game seed: 17326167903047534303

733687 doizer the Slayer (level 27, -12/176 (184) HPs)
             Began as a Gargoyle Earth Elementalist on May 15, 2021.
             Was the Champion of Vehumet.
             Killed from afar by a vampire mage (14 damage)
             ... with a bolt of negative energy
             ... while paralysed by a dread lich
             ... on level 18 of a ziggurat on May 16, 2021.
             The game lasted 03:00:07 (76545 turns).

doizer the Slayer (Gargoyle Earth Elementalist)    Turns: 76545, Time: 03:00:08

HP:   -12/176 (184) AC: 36    Str: 15    XL:     27
MP:   12/49         EV:  2    Int: 34    God:    Vehumet [******]
Gold: 8562          SH:  0    Dex: 15    Spells: 29/70 levels left

rFire    + + .     SeeInvis +   O - +9 demon whip (freeze)
rCold    + . .     Faith    .   (no shield)
rNeg     + . .     Spirit   .   U - +2 robe {Archmagi}
rPois    ∞         Reflect  .   J - +1 hat "Vigrocs" {Int+4}
rElec    +         Harm     .   z - scarf {rC+ rF+}
rCorr    .         Rampage  +   i - +2 pair of gloves {Dex+3}
Will     ++...                  I - +2 pair of boots {rampage}
Stlth    ++........             F - amulet of Guovicak {Regen+ Int+4 Dex+2}
HPRegen  1.39/turn              H - +4 ring of slaying
MPRegen  0.31/turn              P - +4 ring of protection

@: paralysed, flying, slowed, studying 4 skills, lightly drained
A: sickness immunity, AC +20, big wings, negative energy resistance 1,
electricity resistance, torment resistance 1, petrification resistance, talons
2, see invisible, fire resistance 1, sense surroundings 1, evolution 1
}: 3/15 runes: serpentine, barnacled, silver
a: Renounce Religion


You were on level 18 of a ziggurat.
You worshipped Vehumet.
Vehumet was exalted by your worship.
You visited 10 branches of the dungeon, and saw 48 of its levels.
You visited the Abyss 1 time.
You visited 1 ziggurat, and saw 18 of its levels.
You also visited: Gauntlet.

You collected 13196 gold pieces.
You spent 4634 gold pieces at shops.

Inventory:

Hand Weapons
 e - the +10 morningstar "Eos" {elec, Halo rElec}
   (You found it on level 16 of a ziggurat)

   Occasionally, upon striking a foe, it can discharge electrical energy and
   cause terrible harm.
   It insulates you from electricity.
 u - a +9 demon whip of draining
 O - a +9 demon whip of freezing (weapon)
Missiles
 b - 2 boomerangs of dispersal
 x - 11 throwing nets
Armour
 i - a +2 pair of gloves of dexterity (worn)
 j - +5 steam dragon scales
 v - a +2 pair of gloves of strength
 z - a scarf of resistance (worn)
 E - the +4 moon troll leather armour {Spirit, Regen++ MP+5}
   (You found it on level 12 of a ziggurat)

   It affects your magic capacity (+5).
   It increases your rate of health regeneration.
 I - a +2 pair of boots of rampaging (worn)
 J - the +1 hat "Vigrocs" (worn) {Int+4}
   (You found it on level 2 of the Depths)

   It affects your intelligence (+4).
 U - a +2 robe of the Archmagi (worn)
Jewellery
 m - a ring of wizardry
 o - the ring "Xasol" {rF++ rN+}
   (You acquired it on level 2 of the Snake Pit)

   [ring of positive energy]

   It greatly protects you from fire.
   It protects you from negative energy.
 s - the ring "Siwiuwk" {rCorr Str+2 SInv}
   (You found it on level 4 of the Depths)

   [ring of see invisible]

   It affects your strength (+2).
   It lets you see invisible.
   It protects you from acid and corrosion.
 A - the ring of Shadows {Umbra +Inv Stlth+}
   (You found it on level 12 of a ziggurat)

   [ring of stealth]

   It lets you turn invisible.
   It makes you more stealthy.
 F - the amulet of Guovicak (around neck) {Regen+ Int+4 Dex+2}
   (You found it in a Gauntlet)

   [amulet of regeneration]

   It affects your intelligence (+4).
   It affects your dexterity (+2).
   It increases your rate of health regeneration.
 H - a +4 ring of slaying (left hand)
 P - a +4 ring of protection (right hand)
Wands
 L - a wand of iceblast (40)
 V - a wand of acid (48)
Scrolls
 h - 11 scrolls of fog
 l - 11 scrolls of amnesia
 p - 20 scrolls of teleportation
 q - a scroll of blinking
 y - 46 scrolls of identify
 C - 11 scrolls of magic mapping
 K - a scroll of enchant armour
Potions
 a - 8 potions of brilliance
 c - 8 potions of cancellation
 g - 15 potions of curing
 n - 14 potions of haste
 r - 16 potions of might
 t - 2 potions of heal wounds
 w - 4 potions of berserk rage
 B - a potion of ambrosia
 D - 13 potions of mutation
 G - 2 potions of magic
 N - 2 potions of invisibility
 X - 2 potions of resistance
Miscellaneous
 d - a box of beasts
 f - a phial of floods
 k - a phantom mirror
 S - a tin of tremorstones (2/2)
 T - a condenser vane
 Z - a lightning rod (4/4)


   Skills:
 + Level 22.2 Fighting
 - Level 16.0 Maces & Flails
 - Level 7.0 Throwing
 - Level 6.0 Armour
 - Level 15.1 Dodging
 - Level 2.1 Stealth
 + Level 22.2 Spellcasting
 - Level 20.0 Conjurations
 - Level 0.7 Transmutations
 - Level 22.0 Fire Magic
 - Level 22.0 Earth Magic
 - Level 10.0 Evocations


You had 29 spell levels left.
You knew the following spells:

 Your Spells              Type           Power      Damage    Failure   Level
a - Shatter               Erth           68%        3d50*     2%          9
b - Stone Arrow           Conj/Erth      100%       3d13      0%          3
c - Lee's Rapid Deconstr  Erth           68%        3d32*     0%          5
d - Iron Shot             Conj/Erth      67%        9d12      0%          6
e - Fireball              Conj/Fire      67%        3d25      0%          5
f - Irradiate             Conj/Tmut      52%        3d30      1%          5
g - Ignition              Fire           68%        3d18      1%          8

Your spell library contained the following spells:

 Spells                   Type           Power      Damage    Failure   Level
 Lehudib's Crystal Spear  Conj/Erth      67%        10d15     1%          8
 Chain Lightning          Conj/Air       51%        N/A       21%         8
 Foxfire                  Conj/Fire      100%       2x1d9     0%          1
 Magic Dart               Conj           100%       1d8       0%          1
 Sandblast                Erth           100%       2d20      0%          1
 Shock                    Conj/Air       100%       1d9       0%          1
 Passwall                 Tmut/Erth      89%        N/A       0%          2
 Searing Ray              Conj           100%       3d7       0%          2
 Static Discharge         Conj/Air       100%       N/A       0%          2
 Conjure Flame            Conj/Fire      100%       6-21      0%          3
 Sticky Flame             Conj/Fire      100%       2d11      0%          4
 Bolt of Magma            Conj/Fire/Erth 67%        4d26      0%          5
 Iskenderun's Battlesphe  Conj           100%       2d15      0%          5
 Starburst                Conj/Fire      67%        8x6d17    0%          6
 Animate Skeleton         Necr           100%       N/A       1%          1
 Apportation              Tloc           100%       N/A       1%          1
 Beastly Appendage        Tmut           100%       N/A       1%          1
 Corona                   Hex            60%        N/A       1%          1
 Freeze                   Ice            100%       1d11      1%          1
 Pain                     Necr           100%       1d9       1%          1
 Sting                    Tmut/Pois      100%       1d8       1%          1
 Summon Small Mammal      Summ           100%       N/A       1%          1
 Blink                    Tloc           N/A        N/A       1%          2
 Call Imp                 Summ           54%        N/A       1%          2
 Corpse Rot               Necr/Air       N/A        N/A       1%          2
 Ensorcelled Hibernation  Hex/Ice        100%       N/A       1%          2
 Poisonous Vapours        Pois/Air       100%       N/A       1%          2
 Slow                     Hex            54%        N/A       1%          2
 Wereblood                Tmut           59%        N/A       1%          2
 Dazzling Flash           Conj/Hex       100%       N/A       1%          3
 Ignite Poison            Fire/Tmut/Pois 93%        N/A       1%          3
 Inner Flame              Hex/Fire       100%       N/A       1%          3
 Mephitic Cloud           Conj/Pois/Air  90%        N/A       1%          3
 Spider Form              Tmut/Pois      28%        N/A       1%          3
 Animate Armour           Summ/Erth      100%       N/A       1%          4
 Fulminant Prism          Conj/Hex       51%        3d23      1%          4
 Hailstorm                Conj/Ice       100%       3d20      1%          4
 Iskenderun's Mystic Bla  Conj/Tloc      100%       2d19      1%          4
 Leda's Liquefaction      Hex/Erth       53%        N/A       1%          4
 Petrify                  Tmut/Erth      100%       N/A       1%          4
 Borgnjor's Vile Clutch   Necr/Erth      53%        N/A       1%          5
 Lightning Bolt           Conj/Air       51%        1d72      1%          5
 Orb of Destruction       Conj           65%        9d18      1%          7
 Call Canine Familiar     Summ           54%        N/A       2%          3
 Confusing Touch          Hex            54%        N/A       2%          3
 Gell's Gravitas          Tloc           27%        N/A       2%          3
 Lesser Beckoning         Tloc           27%        N/A       2%          3
 Portal Projectile        Hex/Tloc       100%       N/A       2%          3
 Summon Guardian Golem    Hex/Summ       54%        N/A       2%          3
 Swiftness                Air            54%        N/A       2%          3
 Teleport Other           Tloc           54%        N/A       2%          3
 Tukima's Dance           Hex            54%        N/A       2%          3
 Vampiric Draining        Necr           27%        2d9       2%          3
 Airstrike                Air            27%        N/A       2%          4
 Olgreb's Toxic Radiance  Pois           54%        N/A       2%          4
 Freezing Cloud           Conj/Ice/Air   45%        6-21      2%          6
 Spellforged Servitor     Conj/Summ      51%        N/A       3%          7
 Yara's Violent Unravell  Hex/Tmut       28%        3d12      5%          5
 Ice Form                 Ice/Tmut       57%        N/A       7%          4
 Animate Dead             Necr           27%        N/A       8%          4
 Cause Fear               Hex            27%        N/A       8%          4
 Dispel Undead            Necr           54%        3d20      8%          4
 Passage of Golubria      Tloc           N/A        N/A       8%          4
 Summon Ice Beast         Ice/Summ       54%        N/A       8%          4
 Summon Lightning Spire   Summ/Air       54%        N/A       8%          4
 Hydra Form               Tmut           29%        N/A       16%         5
 Alistair's Intoxication  Tmut/Pois      38%        N/A       19%         5
 Agony                    Necr           54%        N/A       22%         5
 Excruciating Wounds      Necr           27%        N/A       22%         5
 Manifold Assault         Tloc           54%        N/A       22%         5
 Metabolic Englaciation   Hex/Ice        27%        N/A       22%         5
 Silence                  Hex/Air        27%        N/A       22%         5
 Summon Forest            Summ/Tloc      27%        N/A       22%         5
 Summon Mana Viper        Hex/Summ       54%        N/A       22%         5
 Eringya's Noxious Bog    Tmut/Pois      28%        N/A       26%         6
 Blade Hands              Tmut           29%        N/A       65%         6
 Death Channel            Necr           27%        N/A       75%         6
 Invisibility             Hex            54%        N/A       75%         6
 Shadow Creatures         Summ           N/A        N/A       75%         6
 Simulacrum               Ice/Necr       27%        N/A       75%         6
 Ozocubu's Refrigeration  Ice            27%        4d10      82%         7
 Dragon Form              Tmut           29%        N/A       99%         7
 Summon Hydra             Summ           27%        N/A       100%        7
 Discord                  Hex            27%        N/A       100%        8
 Sublimation of Blood     Necr           Unusable   N/A       N/A         2
 Statue Form              Tmut/Erth      Unusable   N/A       N/A         6

Dungeon Overview and Level Annotations

Branches:
Dungeon (15/15)            Temple (1/1) D:6            Lair (6/6) D:8
 Shoals (4/4) Lair:4        Snake (4/4) Lair:2        Slime (0/5) Lair:5
    Orc (2/2) D:12            Elf (3/3) Orc:2        Vaults (5/5) D:13
  Crypt (3/3) Vaults:3       Tomb (0/3) Crypt:3      Depths (5/5) D:15
    Zot (0/5) Depths:5    Gauntlet (visited)

Altars:
Ashenzari
Cheibriados
Dithmenos
Elyvilon
Fedhas
Hepliaklqana
Kikubaaqudgha
Makhleb
Nemelex Xobeh
Okawaru
Qazlal
Ru
Sif Muna
Trog
Vehumet
Wu Jian
Xom
Yredelemnul
Beogh

Shops:
D:7 ?   D:14 *=   Orc:2 ([*(   Shoals:2 [   Shoals:3 [!   Shoals:4 *
Snake:3 *   Snake:4 *   Vaults:1 !   Vaults:2 [   Vaults:3 [   Vaults:5 (
Depths:4 :[

Portals:
Hell: Depths:1 Depths:2 Depths:3 Depths:4 Depths:5
Abyss: Depths:4
Pandemonium: Depths:3

Annotations:
D:13 3 runed translucent doors, Pagrax's ghost, novice MiBe
D:15 2 transporters, Biklutre's ghost, journeyman MiFi
Lair:2 2 transporters
Lair:6 2 transporters, Gaoz Xeu's ghost, journeyman OpIE
Shoals:4 1 runed translucent door, Grimdewalt's ghost, adept FoFi
Elf:2 3 runed translucent doors
Depths:2 2 runed translucent doors


Innate Abilities, Weirdness & Mutations

You are immune to sickness and miasma.
Your stone body is resilient. (AC +20)
You are immune to poison.
Your large and strong wings let you fly.
You resist negative energy. (rN+)
You are resistant to electric shocks. (rElec)
You are resistant to unholy torment.
You are immune to petrification.
You have razor-sharp toenails.
You have supernaturally acute eyesight. (SInv)
Your flesh is heat resistant. (rF+)
You passively map a small area around you.
You evolve.


Message History

The vampire knight completely resists.
The bolt of negative energy hits the eidolon.
The eidolon completely resists.
The bolt of negative energy hits you. You partially resist.
You feel drained.
The ancient lich mumbles some strange words.
The ancient lich seems to speed up.
A shadow wraith comes into view.
The ancient champion points at you and mumbles some strange words.
The iron shot hits you.
The phantasmal warrior blinks!
The vampire knight hits you from afar with a +0 glaive!
The eidolon hits you but does no damage. x2
The revenant conjures spectral mists around you.
The spectral mist engulfs the vampire knight but does no damage.
The phantasmal warrior blinks!
The vampire knight blinks!
The phantasmal warrior blinks!
The vampire knight hits you from afar with a +0 glaive!!
* * * LOW HITPOINT WARNING * * *
The ancient lich points at you and mumbles some strange words.
The crystal spear hits you!
* * * LOW HITPOINT WARNING * * *
The revenant hits you but does no damage.
A shadow wraith comes into view.
The revenant conjures spectral mists around you.
The spectral mist engulfs the phantasmal warrior but does no damage.
The vampire knight hits you from afar with a +0 glaive!
* * * LOW HITPOINT WARNING * * *
The vampire mage mumbles some strange words.
The vampire knight blinks!
The revenant hits you but does no damage.
The eidolon hits you!
* * * LOW HITPOINT WARNING * * *
The eidolon hits you.
* * * LOW HITPOINT WARNING * * *
The vampire mage casts a spell at you.
The bolt of negative energy hits the ancient champion.
The ancient champion completely resists.
The bolt of negative energy hits the ancient champion.
The ancient champion completely resists.
The bolt of negative energy hits you! You partially resist.
You feel drained.
You die...

, , ,
.....)..........▓▓
.................▓▓
..................▓▓
,
..W................▓
..V................▓
...V..§V.).........▓
,
..§ZVzLWL..........▓▓
,
.WV§§Wz@.........∩..▓
Z..LWWL.L1.........▓▓
.V.○§☼.☼...........▓
W.Z§.z....V........▓
...M§..............▓
,
..................▓▓
.....W...........▓▓ ,
................▓▓ ,
, ,


You could see an ancient lich (fast, invisible), 2 dread liches, a Tzitzimitl
(summoned), 2 revenants, 3 vampire knights, an eidolon, 2 ancient champions, a
flayed ghost, 4 vampire magi, 2 shadow wraiths, a curse skull, 3 phantasmal
warriors, a freezing wraith (summoned), a spectral tengu reaver (summoned), a
mummy (summoned), a storm dragon simulacrum (summoned) and a deep elf
demonologist skeleton (summoned).

Vanquished Creatures
  A dread lich (Vaults:5)
  2 ancient liches
  Khufu (Crypt:3)
  Mennas (Vaults:3)
  5 juggernauts
  6 pandemonium lords
  3 shard shrikes (Zig:12)
  Bai Suzhen (Shoals:4)
  6 Killer Klowns
  A golden dragon (shapeshifter) (Zig:10)
  3 caustic shrikes (Depths:5)
  Jory (Vaults:3)
  7 golden dragons
  A bone dragon (Crypt:3)
  A profane servitor (Crypt:3)
  3 iron giants (Zig:13)
  An iron giant (shapeshifter) (Depths:2)
  5 Ice Fiends (Zig:12)
  8 tentacled monstrosities
  5 deep elf master archers
  8 liches
  8 titans
  3 deep elf blademasters (Elf:3)
  3 acid blobs (Zig:11)
  4 quicksilver dragons
  A tentacled starspawn (Abyss:2)
  4 ancient champions
  12 sphinxes
  2 krakens
  Polyphemus (Shoals:2)
  8 shadow dragons
  Gastronok (Lair:3)
  A thorn hunter (Zig:14)
  5 revenants
  7 storm dragons
  6 tengu reavers
  22 nagarajas
  A storm dragon (shapeshifter) (Depths:3)
  7 draconian monks
  11 fire giants
  5 deep elf sorcerers
  The ghost of Plog the Eviscerator, an adept FeBe of Trog (Vaults:3)
  2 fenstrider witches (shapeshifter)
  3 draconian knights
  2 rockslimes (Zig:8)
  15 frost giants
  2 ghost moths
  A ghost moth (shapeshifter) (Depths:2)
  26 vault wardens
  6 iron dragons
  Aizul (Vaults:3)
  8 orc warlords
  A draconian scorcher (Depths:4)
  A curse skull (Crypt:2)
  Louise (Shoals:4)
  A caustic shrike zombie (Zig:5)
  A draconian stormcaller (Zig:17)
  2 deep elf elementalists (Elf:3)
  6 ghouls
  20 ironbound preservers
  5 draconian shifters
  A spriggan defender (Depths:2)
  26 stone giants
  6 war gargoyles
  4 quicksilver oozes
  8 draconian annihilators
  A quicksilver ooze (shapeshifter) (Depths:2)
  31 very ugly things
  12 vampire knights
  14 deep elf annihilators
  2 purple draconians (Zig:17)
  A spectral titan (Crypt:3)
  An entropy weaver (Vaults:3)
  5 green draconians
  5 black draconians
  A lorocyproca (Depths:3)
  2 bunyips (Zig:14)
  4 dire elephants
  7 deep elf demonologists
  2 red draconians (Zig:17)
  4 yellow draconians
  A minotaur (Gauntlet)
  13 spark wasps
  2 white draconians
  2 dire elephants (shapeshifter) (Zig:16)
  4 eleionomae
  3 blizzard demons
  31 ettins
  5 merfolk javelineers
  3 green deaths
  15 deep elf death magi
  2 mummy priests (Crypt:3)
  5 crystal guardians
  17 yaktaur captains
  7 deep elf high priests
  A fire dragon (shapeshifter) (Depths:3)
  17 jiangshi
  11 fire dragons
  Fannar (D:10)
  18 great orbs of eyes
  9 merfolk impalers
  Erolcha (D:9)
  A boulder beetle (shapeshifter) (Depths:3)
  12 hydras
  11 ice dragons
  Harold (D:7)
  3 boulder beetles
  24 naga warriors
  45 vault guards
  8 rakshasas
  3 catoblepae
  A ghost crab (Zig:14)
  4 ironbound thunderhulks
  9 spriggan air magi
  9 merfolk avatars
  3 peacekeepers (Vaults:3)
  3 salamander tyrants
  14 centaur warriors
  9 ironbound frosthearts
  5 ogre magi
  2 alligator snapping turtles
  27 anacondas
  6 two-headed ogres
  2 two-headed ogres (shapeshifter)
  16 dancing weapons
  3 alligators
  2 satyrs (Shoals:3)
  5 death yaks
  4 merfolk aquamancers (Shoals:4)
  13 tengu warriors
  9 deep troll shamans
  6 death knights
  7 orc high priests
  2 thrashing horrors (Abyss:2)
  9 spriggan berserkers
  4 hell hogs (Depths:1)
  14 deep troll earth magi
  3 vampire magi
  A shock serpent (shapeshifter) (Depths:3)
  3 ironbound beastmasters
  10 shock serpents
  20 naga sharpshooters
  A storm dragon zombie (Vaults:4)
  4 sun demons (Depths:1)
  11 hell knights
  4 shadow wraiths
  4 soul eaters
  18 deep elf knights
  A sixfirhy (Vaults:3)
  Nergalle (Lair:3)
  4 iron trolls
  2 goliath frogs
  A wretched star (Abyss:2)
  22 skeletal warriors
  2 salamander mystics
  5 death drakes
  A spatial maelstrom (Abyss:2)
  A storm dragon skeleton (Crypt:3)
  16 sea snakes
  A spriggan druid (Zig:9)
  A golden dragon zombie (Depths:1)
  2 swamp dragons
  A shadow demon (Zig:10)
  4 glowing orange brains
  8 flayed ghosts
  5 naga ritualists
  A death drake (shapeshifter) (Zig:10)
  2 obsidian statues (Zig:8)
  2 orange crystal statues (Zig:8)
  3 bog bodies
  8 deep elf archers
  6 lindwurms
  12 phantasmal warriors
  58 deep trolls
  10 wizards
  28 deep elf zephyrmancers
  16 harpies
  2 fire giant zombies
  4 large abominations
  36 deep elf pyromancers
  9 necromancers
  A sphinx zombie (Crypt:2)
  20 ironbound convokers
  13 salamanders
  9 oklob plants (Zig:18)
  5 orc knights
  A frost giant zombie (Zig:5)
  2 orb spiders (shapeshifter)
  34 ugly things
  8 mana vipers
  6 orc sorcerers
  A moth of wrath (Zig:7)
  15 manticores
  A spectral ice dragon (Crypt:3)
  25 fauns
  11 elephants (Lair:6)
  5 cyclopes
  6 shining eyes
  An iron dragon skeleton (Crypt:1)
  A will-o-the-wisp (Zig:9)
  A guardian serpent (shapeshifter) (Vaults:5)
  A sphinx skeleton (Depths:1)
  43 black mambas
  An eye of devastation (Zig:8)
  13 vault sentinels
  10 merfolk sirens
  7 apocalypse crabs
  12 guardian serpents
  An eye of devastation (shapeshifter) (Zig:10)
  31 naga magi
  6 water nymphs
  4 torpor snails
  28 cane toads
  4 stone giant skeletons
  Maggie (D:6)
  9 rime drakes
  3 smoke demons
  7 freezing wraiths
  2 dire elephant skeletons
  A yaktaur (shapeshifter) (Vaults:5)
  45 yaktaurs
  13 komodo dragons
  A spriggan zombie (Zig:1)
  2 kobold demonologists
  2 minotaur zombies (Gauntlet)
  An ice devil (Zig:12)
  9 tengu conjurers
  An alligator snapping turtle skeleton (Crypt:1)
  31 merfolk
  A jumping spider (shapeshifter) (Depths:3)
  8 guardian mummies
  A jumping spider (Vaults:3)
  A queen bee (shapeshifter) (Depths:2)
  4 polar bears
  A bloated husk (Zig:14)
  3 hornets (Lair:4)
  6 trolls
  7 tyrant leeches
  3 wind drakes
  10 raiju
  46 slime creatures
  17 blink frogs (Lair:6)
  35 dream sheep
  14 snapping turtles
  A redback (Vaults:3)
  51 flying skulls
  Sigmund (D:2)
  6 air elementals
  A shadow (Crypt:3)
  A tarantella (Vaults:3)
  4 wyverns
  6 basilisks
  6 wraiths
  11 water elementals
  5 fire elementals
  A human (shapeshifter) (D:15)
  Eustachio (D:5)
  A tyrant leech zombie (Crypt:1)
  2 steam dragons
  58 yaks
  3 golden eyes (Zig:11)
  2 elf skeletons
  A golden eye (shapeshifter) (Vaults:5)
  16 vampire mosquitoes
  7 wargs
  Menkaure (D:6)
  4 chaos spawn (Zig:10)
  58 nagas
  A naga (shapeshifter) (Elf:1)
  Edmund (D:6)
  An acid dragon (D:10)
  A cane toad zombie (Crypt:2)
  19 water moccasins
  Duvessa (D:5)
  A floating eye (shapeshifter) (Vaults:2)
  A water moccasin (shapeshifter) (Depths:3)
  2 floating eyes
  47 orc warriors
  3 black bears
  A sky beast (D:7)
  2 swamp dragon zombies
  7 ice beasts
  8 ogres
  13 wolves
  10 necrophages
  19 centaurs
  Blork the orc (D:4)
  5 kobold brigands
  A draconian zombie (Crypt:1)
  4 small abominations
  17 bullfrogs
  A gnoll sergeant (D:8)
  A scorpion (D:4)
  Dowan (D:5)
  A draconian skeleton (Crypt:1)
  A shapeshifter zombie (Crypt:2)
  A water moccasin skeleton (D:5)
  A warg zombie (Crypt:2)
  21 wights
  A howler monkey (D:4)
  A human simulacrum (Vaults:4)
  A troll skeleton (Crypt:2)
  3 electric eels
  4 centaur zombies
  5 jellies
  5 centaur skeletons
  6 hounds
  A human zombie (Crypt:2)
  23 orc priests
  2 bullfrog skeletons
  A hell rat (D:8)
  5 iguanas
  41 orc wizards
  2 lightning spires (Gauntlet)
  A demigod skeleton (Crypt:2)
  2 mummies (Zig:5)
  3 howler monkey zombies
  6 gnolls
  A howler monkey skeleton (D:4)
  8 adders
  2 white imps
  A worm zombie (Crypt:1)
  A dart slug (D:10)
  111 orcs
  9 ball pythons
  7 endoplasms
  3 giant cockroaches
  8 goblins
  8 hobgoblins
  17 jackals
  11 kobolds
  10 quokkas
  7 bats
  3 frilled lizards
  A quokka zombie (Crypt:1)
  6 rats
  15 briar patches (Zig:14)
  6 plants
  5 tentacles (Shoals:3)
2649 creatures vanquished.

Vanquished Creatures (collateral kills)
  Mara (Vaults:3)
1 creature vanquished.

Vanquished Creatures (others)
  A pandemonium lord (Zig:16)
  4 deep elf zephyrmancers
  A black mamba (Snake:4)
  A cane toad (Lair:6)
  A yaktaur (Vaults:1)
  A naga (Snake:1)
  A human (D:6)
  54 fungi
  228 plants
  10 tentacles
  A withered plant (Gauntlet)
303 creatures vanquished.

Grand Total: 2953 creatures vanquished

Notes
Turn   | Place    | Note
-------+----------+-------------------------------------------
     0 | D:1      | doizer the Gargoyle Earth Elementalist began the quest for
                  | the Orb.
     0 | D:1      | Reached XP level 1. HP: 10/10 MP: 3/3
   280 | D:1      | Reached XP level 2. HP: 15/15 MP: 3/5
   746 | D:1      | Reached XP level 3. HP: 19/19 MP: 6/6
  1211 | D:1      | Found a faded altar of an unknown god.
  1615 | D:1      | Learned a level 3 spell: Stone Arrow
  1846 | D:2      | Noticed Sigmund
  1867 | D:2      | Killed Sigmund
  1868 | D:2      | Reached skill level 5 in Earth Magic
  1868 | D:2      | Reached XP level 4. HP: 14/24 MP: 3/9
  1868 | D:2      | Reached XP level 5. HP: 16/28 MP: 3/10
  2074 | D:2      | Learned a level 5 spell: Lee's Rapid Deconstruction
  2419 | D:2      | Reached XP level 6. HP: 27/32 MP: 9/11
  2617 | D:2      | Found a white marble altar of Elyvilon.
  3032 | D:3      | Gained mutation: You are strong-willed. (Will+) [potion of
                  | mutation]
  3032 | D:3      | Gained mutation: You are highly strong-willed. (Will++)
                  | [potion of mutation]
  3032 | D:3      | Gained mutation: You are frail. (-10% HP) [potion of
                  | mutation]
  3032 | D:3      | Gained mutation: You have an increased reservoir of magic.
                  | (+10% MP) [potion of mutation]
  3563 | D:3      | Found a stormy altar of Qazlal.
  4318 | D:4      | Reached XP level 7. HP: 21/32 MP: 14/14
  4454 | D:4      | Identified the +0 pair of gloves of Sorcery {rElec rN++
                  | Dex-5}
  4738 | D:4      | Lost mutation: You are frail. (-10% HP) [potion of
                  | mutation]
  4738 | D:4      | Lost mutation: You are highly strong-willed. (Will++)
                  | [potion of mutation]
  4738 | D:4      | Lost mutation: You have an increased reservoir of magic.
                  | (+10% MP) [potion of mutation]
  4738 | D:4      | Gained mutation: You occasionally shout uncontrollably at
                  | your foes. [potion of mutation]
  4738 | D:4      | Gained mutation: You are highly strong-willed. (Will++)
                  | [potion of mutation]
  4738 | D:4      | Gained mutation: Your body sometimes deteriorates upon
                  | taking damage. [potion of mutation]
  5442 | D:4      | Noticed Blork the orc
  5451 | D:4      | Killed Blork the orc
  5549 | D:4      | Found a shimmering blue altar of Sif Muna.
  5936 | D:5      | Entered Level 5 of the Dungeon
  5975 | D:5      | Reached skill level 5 in Spellcasting
  6132 | D:5      | Reached skill level 5 in Conjurations
  6132 | D:5      | Reached XP level 8. HP: 41/41 MP: 5/15
  6515 | D:5      | Identified 2 scrolls of acquirement
  6515 | D:5      | Acquired doizer's Tome of Earth and Intoxication
  6631 | D:5      | Noticed Duvessa
  6631 | D:5      | Noticed Dowan
  6637 | D:5      | Killed Duvessa
  6638 | D:5      | Killed Dowan
  6779 | D:5      | Noticed Eustachio
  6783 | D:5      | Killed Eustachio
  7033 | D:5      | Acquired 458 gold pieces
  7649 | D:5      | Reached XP level 9. HP: 25/45 MP: 18/18
  7933 | D:6      | Noticed Edmund
  7949 | D:6      | Killed Edmund
  7950 | D:6      | Reached skill level 1 in Armour
  8161 | D:6      | Noticed Maggie
  8170 | D:6      | Killed Maggie
  8171 | D:6      | Reached skill level 1 in Fighting
  8171 | D:6      | Reached skill level 1 in Maces & Flails
  8171 | D:6      | Reached skill level 1 in Evocations
  8501 | D:6      | Noticed Menkaure
  8511 | D:6      | Killed Menkaure
  8779 | D:6      | Found a staircase to the Ecumenical Temple.
  8798 | Temple   | Entered the Ecumenical Temple
  8806 | Temple   | Became a worshipper of Vehumet
  8921 | D:6      | Found an ancient bone altar of Kikubaaqudgha.
  8949 | D:6      | Identified the +6 quarterstaff "Zekhlae" {vorpal, Int+2}
  9634 | D:7      | Found Honyq's Magic Scroll Emporium.
  9641 | D:7      | Bought a scroll of noise for 16 gold pieces
  9642 | D:7      | Bought a scroll of enchant armour for 120 gold pieces
  9642 | D:7      | Bought a scroll of identify for 32 gold pieces
  9642 | D:7      | Bought a scroll of identify for 32 gold pieces
  9642 | D:7      | Bought a scroll of identify for 32 gold pieces
  9642 | D:7      | Bought a scroll of identify for 32 gold pieces
  9642 | D:7      | Bought a scroll of enchant armour for 120 gold pieces
  9907 | D:7      | Noticed Harold
  9922 | D:7      | Killed Harold
  9923 | D:7      | Reached XP level 10. HP: 26/56 MP: 4/20
 11091 | D:8      | Found a sparkling altar of Nemelex Xobeh.
 11097 | D:8      | Reached * piety under Vehumet
 11097 | D:8      | Offered knowledge of Shock by Vehumet.
 11161 | D:8      | Found a staircase to the Lair.
 11162 | D:8      | Noticed a death yak
 11163 | D:8      | Noticed a death yak
 11163 | D:8      | Noticed a death yak
 11329 | D:9      | Learned a level 6 spell: Iron Shot
 11452 | D:9      | Identified the +0 leather armour of Creativity {Will+}
 11777 | D:9      | Offered knowledge of Freeze by Vehumet.
 12032 | D:9      | Noticed Erolcha
 12035 | D:9      | Found a broken altar of Ashenzari.
 12041 | D:9      | Killed Erolcha
 12041 | D:9      | Reached ** piety under Vehumet
 12139 | D:9      | Reached XP level 11. HP: 30/62 MP: 3/22
 12187 | D:9      | Reached skill level 10 in Earth Magic
 12764 | D:9      | Found a shadowy altar of Dithmenos.
 12764 | D:9      | Found an ornate altar of the Wu Jian Council.
 12798 | D:9      | Lost mutation: Your body sometimes deteriorates upon taking
                  | damage. [potion of mutation]
 12798 | D:9      | Lost mutation: You occasionally shout uncontrollably at
                  | your foes. [potion of mutation]
 12798 | D:9      | Gained mutation: You tend to lose your temper in combat.
                  | [potion of mutation]
 12798 | D:9      | Gained mutation: You are somewhat resistant to further
                  | mutation. [potion of mutation]
 12799 | D:9      | Lost mutation: You are somewhat resistant to further
                  | mutation. [potion of mutation]
 12799 | D:9      | Lost mutation: You tend to lose your temper in combat.
                  | [potion of mutation]
 12799 | D:9      | Lost mutation: You are highly strong-willed. (Will++)
                  | [potion of mutation]
 12799 | D:9      | Gained mutation: You are occasionally teleported next to
                  | monsters. [potion of mutation]
 12799 | D:9      | Gained mutation: You have sharp toenails. [potion of
                  | mutation]
 12804 | D:10     | Entered Level 10 of the Dungeon
 13406 | D:10     | Found a snail-covered altar of Cheibriados.
 13534 | D:10     | Noticed Fannar
 13544 | D:10     | Killed Fannar
 13545 | D:10     | Reached skill level 5 in Armour
 13758 | D:10     | Offered knowledge of Dazzling Flash by Vehumet.
 13767 | D:10     | Reached skill level 5 in Fighting
 14139 | D:10     | Identified the Almanac of Changing and Translocation
 14404 | D:11     | Reached *** piety under Vehumet
 14474 | D:11     | Noticed a seven-headed hydra
 14479 | D:11     | Killed a seven-headed hydra
 14525 | D:11     | Noticed a two-headed ogre
 14537 | D:11     | Killed a two-headed ogre
 14538 | D:11     | Reached skill level 5 in Maces & Flails
 14813 | D:11     | Offered knowledge of Fulminant Prism by Vehumet.
 15337 | D:11     | Found a white marble altar of Elyvilon.
 15506 | D:12     | Found a staircase to the Orcish Mines.
 15618 | D:12     | Noticed a boulder beetle
 15625 | D:12     | Killed a boulder beetle
 15961 | D:12     | Identified the +7 quick blade of the Ghost {flame, rF-
                  | Int+5}
 16041 | D:12     | Reached XP level 12. HP: 69/69 MP: 18/24
 16496 | D:12     | Reached skill level 5 in Evocations
 16498 | D:12     | Reached skill level 5 in Dodging
 16718 | D:12     | Found a broken altar of Ashenzari.
 17037 | D:13     | Noticed a tengu warrior
 17294 | D:13     | Reached **** piety under Vehumet
 17494 | D:13     | Noticed a centaur warrior
 17495 | D:13     | Noticed a centaur warrior
 17508 | D:13     | Killed a centaur warrior
 17509 | D:13     | HP: 2/71 [centaur warrior (8)]
 17512 | D:13     | Killed a centaur warrior
 17871 | D:13     | Offered knowledge of Fireball by Vehumet.
 18092 | D:13     | Learned a level 5 spell: Fireball
 18190 | D:13     | Noticed a centaur warrior
 18195 | D:13     | Killed a centaur warrior
 18196 | D:13     | Reached skill level 1 in Fire Magic
 18507 | D:13     | Found a runed translucent gate.
 18508 | D:13     | Found a runed translucent gate.
 18509 | D:13     | Found a runed translucent gate.
 18511 | D:13     | Noticed Pagrax's ghost (novice MiBe)
 18516 | D:13     | You fall into a shaft and drop 2 floors!
 18516 | D:15     | Entered Level 15 of the Dungeon
 18525 | D:15     | Found a transporter.
 18530 | D:15     | Noticed Biklutre's ghost (journeyman MiFi)
 18552 | D:15     | Noticed a two-headed ogre
 18552 | D:15     | Noticed a two-headed ogre
 18555 | D:15     | Noticed an ogre mage
 18586 | D:15     | Found a gate leading to a gauntlet.
 18596 | Gauntlet | Entered a Gauntlet
 18596 | Gauntlet | Found a transporter.
 18599 | Gauntlet | Found a transporter.
 18613 | Gauntlet | Found a runed translucent gate.
 18615 | Gauntlet | Found a transporter.
 18616 | Gauntlet | Found a runed translucent gate.
 18617 | Gauntlet | Found a runed translucent gate.
 18619 | Gauntlet | Found a transporter.
 18623 | Gauntlet | Noticed a reaper
 18639 | Gauntlet | Found a transporter.
 18649 | Gauntlet | Noticed a hell hog
 18652 | Gauntlet | Found a transporter.
 18655 | Gauntlet | Found a transporter.
 18659 | Gauntlet | Found a transporter.
 18688 | Gauntlet | Found a transporter.
 18705 | Gauntlet | Found a transporter.
 18709 | Gauntlet | Found a transporter.
 18721 | Gauntlet | Found a transporter.
 18900 | Gauntlet | Identified the amulet of Guovicak {Regen+ Int+4 Dex+2}
 19002 | Gauntlet | Noticed a minotaur
 19019 | Gauntlet | Killed a minotaur
 19020 | Gauntlet | Reached XP level 13. HP: 20/76 MP: 2/25
 19203 | D:15     | Reached skill level 10 in Conjurations
 19274 | D:14     | Lost mutation: You are occasionally teleported next to
                  | monsters. [potion of mutation]
 19274 | D:14     | Lost mutation: You are strong-willed. (Will+) [potion of
                  | mutation]
 19274 | D:14     | Gained mutation: You have razor-sharp toenails. [potion of
                  | mutation]
 19274 | D:14     | Gained mutation: You have claws for feet. [potion of
                  | mutation]
 19274 | D:14     | Gained mutation: You passively map a small area around you.
                  | [potion of mutation]
 19789 | D:14     | Found Guduutot's General Store.
 19798 | D:14     | Bought a potion of curing for 39 gold pieces
 19798 | D:14     | Bought a potion of magic for 104 gold pieces
 19798 | D:14     | Bought 2 potions of haste for 260 gold pieces
 20107 | D:14     | Found Wumups's Jewellery Shoppe.
 20602 | D:13     | Reached ***** piety under Vehumet
 20814 | D:13     | Found a gate to the Vaults.
 21123 | Lair:1   | Entered Level 1 of the Lair of Beasts
 21182 | Lair:1   | Reached skill level 5 in Fire Magic
 21367 | Lair:1   | Offered knowledge of Spellforged Servitor by Vehumet.
 21372 | Lair:1   | Acquired 488 gold pieces
 22762 | Lair:2   | Gained mutation: Your large and strong wings let you fly.
                  | [Gargoyle growth]
 22762 | Lair:2   | Reached XP level 14. HP: 80/84 MP: 27/27
 22883 | Lair:2   | Found a staircase to the Snake Pit.
 23563 | Lair:2   | Found a transporter.
 23564 | Lair:2   | Found a transporter.
 23774 | Lair:2   | Upgraded the game from 0.27-a0-1158-gaa87e14f67 to
                  | 0.27-a0-1177-g245c70e1c0
 23991 | Lair:3   | Noticed Gastronok
 23992 | Lair:3   | Noticed Nergalle
 24007 | Lair:3   | Killed Nergalle
 24058 | Lair:3   | Killed Gastronok
 24343 | Lair:3   | You are sucked into a shaft and drop 3 floors!
 24343 | Lair:6   | Entered Level 6 of the Lair of Beasts
 25050 | Lair:6   | Reached XP level 15. HP: 83/90 MP: 21/28
 25247 | Lair:6   | Reached skill level 10 in Spellcasting
 25355 | Lair:6   | Found a transporter.
 25452 | Lair:6   | Noticed Gaoz Xeu's ghost (journeyman OpIE)
 25460 | Lair:6   | Found a transporter.
 25547 | Lair:6   | Offered knowledge of Bolt of Magma by Vehumet.
 25814 | Lair:6   | Identified the +2 leather armour "Vinim" {+Inv rF- rN+
                  | Regen+}
 25956 | Lair:6   | Found a bloodstained altar of Trog.
 26166 | Lair:5   | Reached ****** piety under Vehumet
 26287 | Lair:5   | You are sucked into a shaft and drop 1 floor!
 26636 | Lair:5   | Found a staircase to the Slime Pits.
 27897 | Lair:4   | Offered knowledge of Freezing Cloud by Vehumet.
 27970 | Lair:4   | Found a staircase to the Shoals.
 28861 | Orc:1    | Entered Level 1 of the Orcish Mines
 28983 | Orc:1    | Paralysed by an orc sorcerer for 4 turns
 28988 | Orc:1    | Reached skill level 10 in Fighting
 29063 | Orc:1    | Noticed an orc warlord
 29079 | Orc:1    | Killed an orc warlord
 29080 | Orc:1    | Reached XP level 16. HP: 30/97 MP: 13/30
 29346 | Orc:1    | Reached skill level 10 in Fire Magic
 29346 | Orc:1    | Reached XP level 17. HP: 102/102 MP: 31/31
 29347 | Orc:1    | Reached XP level 18. HP: 108/108 MP: 32/32
 29362 | Orc:2    | Entered Level 2 of the Orcish Mines
 30151 | Orc:2    | Offered knowledge of Irradiate by Vehumet.
 30158 | Orc:2    | Learned a level 5 spell: Irradiate
 30336 | Orc:2    | Identified the +6 chain mail of the Hall of Blades {Rampage
                  | rElec rF+}
 30466 | Orc:2    | Found Oliguas's Antique Weapon Emporium.
 30509 | Orc:2    | Found a staircase to the Elven Halls.
 30919 | Orc:2    | Found Custaer's Assorted Antiques.
 30963 | Orc:2    | Reached skill level 10 in Maces & Flails
 31015 | Orc:2    | Found Nutt's Antique Weapon Shop.
 31019 | Orc:2    | Found Jaetrod's Antique Armour Boutique.
 31237 | Orc:2    | Bought a scroll of acquirement for 1352 gold pieces
 31237 | Orc:2    | Bought a leatherbound book for 390 gold pieces
 31239 | Orc:2    | Acquired a book of Power
 31569 | D:15     | Found a staircase to the Depths.
 31770 | D:15     | Found a transporter.
 31796 | D:15     | Acquired a +5 demon whip of venom
 32573 | Snake:1  | Entered Level 1 of the Snake Pit
 32792 | Snake:1  | Offered knowledge of Yara's Violent Unravelling by Vehumet.
 34238 | Snake:2  | Acquired the ring "Xasol" {rF++ rN+}
 34987 | Snake:2  | Reached XP level 19. HP: 106/115 MP: 18/34
 35704 | Snake:3  | Offered knowledge of Lightning Bolt by Vehumet.
 36465 | Snake:3  | Found Kyzorucw's Mayhem Merchandise.
 36540 | Snake:4  | Entered Level 4 of the Snake Pit
 36744 | Shoals:1 | Entered Level 1 of the Shoals
 37065 | Shoals:1 | Found a burning altar of Makhleb.
 37723 | Shoals:2 | Found Sugh's Armour Shoppe.
 37725 | Shoals:2 | Reached skill level 10 in Evocations
 38022 | Shoals:2 | Noticed Polyphemus
 38032 | Shoals:2 | Killed Polyphemus
 38040 | Shoals:2 | Offered knowledge of Conjure Ball Lightning by Vehumet.
 39400 | Shoals:3 | Found Pyobebru's Distillery.
 39438 | Shoals:3 | Found a snail-covered altar of Cheibriados.
 39465 | Shoals:3 | Reached skill level 15 in Earth Magic
 39743 | Shoals:3 | Bought a potion of curing for 45 gold pieces
 39743 | Shoals:3 | Bought 2 potions of magic for 240 gold pieces
 39743 | Shoals:3 | Bought 2 potions of cancellation for 240 gold pieces
 39743 | Shoals:3 | Bought a potion of heal wounds for 75 gold pieces
 39743 | Shoals:3 | Bought a potion of haste for 150 gold pieces
 39743 | Shoals:3 | Bought 2 potions of heal wounds for 150 gold pieces
 40159 | Shoals:3 | Reached XP level 20. HP: 84/122 MP: 36/36
 40564 | Shoals:3 | Found Jamuboz's Armour Boutique.
 40710 | Shoals:4 | Entered Level 4 of the Shoals
 41177 | Shoals:4 | Found a runed translucent door.
 41251 | Shoals:4 | Noticed Louise
 41272 | Shoals:4 | Killed Louise
 41436 | Shoals:4 | Found Nekokir's Assorted Antiques.
 41456 | Shoals:4 | Offered knowledge of Lehudib's Crystal Spear by Vehumet.
 41456 | Shoals:4 | Offered knowledge of Chain Lightning by Vehumet.
 41456 | Shoals:4 | Offered knowledge of Ignition by Vehumet.
 41707 | Shoals:4 | Noticed Bai Suzhen
 41725 | Shoals:4 | Killed Bai Suzhen
 41726 | Shoals:4 | Reached skill level 10 in Dodging
 42236 | Shoals:4 | Found a shimmering altar of Xom.
 42236 | Shoals:4 | Noticed Grimdewalt's ghost (adept FoFi)
 42352 | Shoals:4 | Got a barnacled rune of Zot
 42762 | Shoals:4 | Learned a level 8 spell: Ignition
 43087 | Vaults:1 | Entered Level 1 of the Vaults
 43237 | Vaults:1 | Identified the amulet "Faecloun" {Spirit rElec}
 43894 | Vaults:1 | You are sucked into a shaft and drop 1 floor!
 43924 | Vaults:2 | Reached skill level 15 in Fire Magic
 44007 | Vaults:2 | You are sucked into a shaft and drop 1 floor!
 44093 | Vaults:3 | Noticed Jory
 44110 | Vaults:3 | Reached XP level 21. HP: 84/128 MP: 5/37
 44110 | Vaults:3 | Killed Jory
 44151 | Vaults:3 | Cast into level 2 of the Abyss (a deep elf sorcerer)
 44627 | Vaults:3 | Escaped the Abyss
 44864 | Vaults:2 | Found Qirrig's Antique Armour Boutique.
 45223 | Vaults:2 | Identified the ring of Damiheah {Will+ Int+2 Dex+3}
 45391 | Vaults:2 | Paralysed by a floating eye for 4 turns
 45409 | Vaults:2 | Identified the +2 buckler of the Exiled Mystics {rElec
                  | rPois Dex-3}
 46063 | Vaults:1 | Found Nun Buat's Distillery.
 46069 | Vaults:1 | Bought a potion of brilliance for 68 gold pieces
 46069 | Vaults:1 | Bought a potion of haste for 170 gold pieces
 46069 | Vaults:1 | Bought a potion of ambrosia for 136 gold pieces
 46069 | Vaults:1 | Bought a potion of heal wounds for 85 gold pieces
 46069 | Vaults:1 | Bought a potion of invisibility for 136 gold pieces
 46069 | Vaults:1 | Bought a potion of resistance for 170 gold pieces
 46069 | Vaults:1 | Bought a potion of curing for 51 gold pieces
 46069 | Vaults:1 | Bought 2 potions of mutation for 272 gold pieces
 46702 | Vaults:1 | Reached XP level 22. HP: 135/135 MP: 25/38
 46754 | Vaults:1 | Identified the Grimoire of Ensnaring Venom
 47199 | Vaults:2 | Learned a level 9 spell: Shatter
 48112 | Snake:4  | Found Toixofedo's General Store.
 48139 | Snake:4  | Bought a scroll of magic mapping for 63 gold pieces
 48139 | Snake:4  | Bought a potion of curing for 54 gold pieces
 50203 | Snake:4  | Got a serpentine rune of Zot
 50580 | Vaults:3 | Noticed Aizul
 50585 | Vaults:3 | Killed Aizul
 50651 | Vaults:3 | Found Iduesuro's Armour Shoppe.
 50853 | Vaults:3 | Noticed Mennas
 50861 | Vaults:3 | Noticed Mara
 50861 | Vaults:3 | Noticed Mara
 50861 | Vaults:3 | Noticed Mara
 50862 | Vaults:3 | Reached XP level 23. HP: 85/141 MP: 33/40
 50864 | Vaults:3 | Noticed doizer's illusion
 51133 | Elf:1    | Entered Level 1 of the Elven Halls
 51691 | Elf:1    | Identified the +3 trident of Libinaan {holy, +Blink Fly rC-
                  | SInv}
 53079 | Elf:2    | Found a runed translucent gate.
 53079 | Elf:2    | Found a runed translucent gate.
 53079 | Elf:2    | Found a runed translucent gate.
 53106 | Elf:2    | Found a radiant altar of Vehumet.
 53560 | Elf:3    | Entered Level 3 of the Elven Halls
 54470 | Elf:3    | Reached skill level 15 in Spellcasting
 54957 | Elf:3    | Reached XP level 24. HP: 143/147 MP: 39/42
 54988 | Elf:3    | Identified the +1 leather armour of Xiaw {Will+}
 55086 | Elf:3    | Identified the +6 glaive "Ciseah" {drain, rC++}
 55101 | Elf:3    | Identified the ring of Imoerig {rPois Int+6}
 55467 | Vaults:3 | Found a staircase to the Crypt.
 55649 | Vaults:3 | Found a runed translucent gate.
 55649 | Vaults:3 | Found a runed translucent gate.
 55649 | Vaults:3 | Found a runed translucent gate.
 55649 | Vaults:3 | Noticed Plog's ghost (adept FeBe)
 55665 | Vaults:3 | Killed Plog's ghost
 55774 | Vaults:3 | Noticed doizer's illusion
 55778 | Vaults:3 | Killed Mara
 56088 | Depths:1 | Entered Level 1 of the Depths
 56809 | Depths:1 | Found a gateway to Hell.
 56988 | Depths:1 | Found an ornate altar of the Wu Jian Council.
 57040 | Depths:1 | Found an iron altar of Okawaru.
 57915 | Depths:2 | Noticed a juggernaut
 57920 | Depths:2 | Killed a juggernaut
 58102 | Depths:2 | Reached XP level 25. HP: 39/154 MP: 8/43
 59034 | Depths:2 | Identified the +1 hat "Vigrocs" {Int+4}
 59034 | Depths:2 | Identified the +3 hand axe of Ruination {antimagic, Int+3}
 59099 | Depths:2 | Identified the +0 chain mail "Doshigar" {rPois Int+3 Dex+3}
 59324 | Depths:2 | Reached skill level 15 in Fighting
 59408 | Depths:2 | Found a runed translucent door.
 59556 | Depths:2 | Found a runed translucent door.
 59709 | Depths:2 | Noticed a juggernaut
 59713 | Depths:2 | Killed a juggernaut
 60052 | Depths:2 | Found a runed translucent door.
 60053 | Depths:2 | Found a runed translucent door.
 60054 | Depths:2 | Found a runed translucent door.
 60472 | Depths:2 | Identified the Compendium of the Blowfly
 60489 | Depths:2 | Identified the +2 chain mail "Ruivelo" {Rampage *Slow rPois
                  | Will+}
 60668 | Depths:2 | Found the +1 cloak of Starlight {*Dazzle EV+4 Stlth--}
 61278 | Depths:3 | Reached XP level 26. HP: 106/161 MP: 28/44
 62270 | Depths:3 | Found a one-way gate leading to the halls of Pandemonium.
 62596 | Depths:3 | Identified the +2 fire dragon scales "Roblyathig" {rF++ rC-
                  | Int+4}
 62755 | Depths:4 | Found a one-way gate to the infinite horrors of the Abyss.
 62794 | Depths:4 | Paralysed by a great orb of eyes for 6 turns
 62834 | Depths:4 | Paralysed by a great orb of eyes for 6 turns
 62866 | Depths:4 | Found a gateway to a ziggurat.
 63075 | Depths:4 | Found Fodur's Antique Armour Emporium.
 63075 | Depths:4 | Found Ugargh's Book Shoppe.
 63499 | Depths:4 | Identified the +1 plate armour "Nyquwn" {Will+ Str+3 Int-5}
 63527 | Depths:4 | Identified the ring "Siwiuwk" {rCorr Str+2 SInv}
 63545 | Depths:4 | Identified the Catalogue of Stones and Intoxication
 63830 | Depths:4 | Identified the +3 long sword "Tiom" {vamp, rC+ rN+ Int+4
                  | Dex+3}
 64142 | Depths:4 | Acquired 785 gold pieces
 64416 | Depths:5 | Entered Level 5 of the Depths
 65320 | Depths:5 | Reached skill level 15 in Conjurations
 65775 | Depths:5 | Found a gate to the Realm of Zot.
 66131 | Depths:5 | Reached skill level 15 in Maces & Flails
 66235 | Depths:5 | Reached XP level 27. HP: 113/168 MP: 7/45
 67305 | Vaults:3 | Killed Mennas
 69176 | Vaults:4 | Identified the +2 robe of Snakes and Ladders {rF+ Int+2}
 69407 | Vaults:5 | Entered Level 5 of the Vaults
 69428 | Vaults:5 | Noticed an ancient lich
 69436 | Vaults:5 | Killed an ancient lich
 69819 | Vaults:5 | Identified the +4 morningstar of Chaos {pain, rN+ Will++
                  | Int-4 Dex+4}
 70016 | Vaults:5 | Got a silver rune of Zot
 70276 | Vaults:5 | Noticed a dread lich
 70277 | Vaults:5 | Paralysed by a dread lich for 3 turns
 70282 | Vaults:5 | Killed a dread lich
 70553 | Vaults:5 | Found the +2 cloak of the Thief {*Fog Slay-2 SInv Stlth+}
 70558 | Vaults:5 | Found Edydo's Antique Weapon Shoppe.
 70695 | Vaults:5 | Identified the +6 spear "Gahaghyck" {pain, Will+}
 70941 | Vaults:5 | Identified the +8 long sword of Overwhelming Force {freeze,
                  | Will+++ Dex+5}
 70964 | Vaults:5 | Identified the +2 hand crossbow "Rutubbih" {venom, rElec
                  | rCorr MP-9}
 70970 | Vaults:5 | Found the +0 staff of Battle
 71232 | Crypt:1  | Entered Level 1 of the Crypt
 72282 | Crypt:2  | Identified the +1 leather armour "Heudogoski" {Int+3}
 73063 | Crypt:3  | Entered Level 3 of the Crypt
 73553 | Crypt:3  | Found a basalt altar of Yredelemnul.
 73751 | Crypt:3  | Identified the ring of the Genius {rN+ Will+ Str+7}
 73809 | Crypt:3  | Identified the ring of Gozag's Anger {rF+ rN+ Will+ Int-3}
 73813 | Crypt:3  | Noticed Khufu
 73815 | Crypt:3  | Reached skill level 15 in Dodging
 73819 | Crypt:3  | Identified the +3 hand crossbow of Fortitude {elec, rN+
                  | Str+3}
 73837 | Crypt:3  | Killed Khufu
 74030 | Crypt:3  | Found a staircase to the Tomb.
 74041 | Crypt:3  | Identified the +1 cloak of the Mind {Dex+3}
 74056 | Crypt:3  | Identified the ring of Bidoysuy {rElec rN+ Str+3 Int-3}
 74961 | Zig:1    | Entered Level 1 of a ziggurat
 74986 | Zig:2    | Entered Level 2 of a ziggurat
 74999 | Zig:3    | Entered Level 3 of a ziggurat
 74999 | Zig:3    | Noticed an ancient lich
 75004 | Zig:3    | Killed an ancient lich
 75082 | Zig:4    | Entered Level 4 of a ziggurat
 75110 | Zig:5    | Entered Level 5 of a ziggurat
 75130 | Zig:5    | Identified the Guide on Cloudy Earth
 75175 | Zig:6    | Entered Level 6 of a ziggurat
 75184 | Zig:6    | Reached skill level 1 in Throwing
 75208 | Zig:7    | Entered Level 7 of a ziggurat
 75268 | Zig:8    | Entered Level 8 of a ziggurat
 75280 | Zig:8    | Gained mutation: You are frail. (-10% HP) [a shining eye]
 75293 | Zig:8    | Lost mutation: You have claws for feet. [potion of
                  | mutation]
 75293 | Zig:8    | Lost mutation: You are frail. (-10% HP) [potion of
                  | mutation]
 75293 | Zig:8    | Gained mutation: You evolve. [potion of mutation]
 75293 | Zig:8    | Gained mutation: You have supernaturally acute eyesight.
                  | (SInv) [potion of mutation]
 75373 | Zig:9    | Entered Level 9 of a ziggurat
 75393 | Zig:9    | Identified the ring "Orice" {Ice rCorr Str+5}
 75397 | Zig:9    | Identified the +5 short sword of Sigen {pain, rN+ Str-2
                  | Dex+4}
 75399 | Zig:9    | Identified Ceciocewk's Grimoire of Blistering Ice
 75442 | Zig:10   | Entered Level 10 of a ziggurat
 75451 | Zig:10   | Noticed Tibb the pandemonium lord
 75453 | Zig:10   | Noticed Naleam the pandemonium lord
 75455 | Zig:10   | Killed Naleam the pandemonium lord
 75455 | Zig:10   | Killed Tibb the pandemonium lord
 75477 | Zig:10   | Identified the ring "Caoptoil" {Str+6 Dex+7}
 75558 | Zig:11   | Entered Level 11 of a ziggurat
 75701 | Zig:11   | Identified the +7 shortbow of the Illusory Coins {venom,
                  | rElec Str-5 Int+4}
 75706 | Zig:11   | Identified Utugrar's Almanac of Sulphur
 75717 | Zig:12   | Entered Level 12 of a ziggurat
 75739 | Zig:12   | Found the ring of Shadows {Umbra +Inv Stlth+}
 75740 | Zig:12   | Found the +4 moon troll leather armour {Spirit, Regen++
                  | MP+5}
 75777 | Zig:12   | Identified the +12 scimitar of Growth {vorpal, rElec Int+2
                  | Stlth+}
 75784 | Zig:12   | Gained mutation: Your flesh is heat resistant. (rF+)
                  | [evolution]
 75786 | Zig:13   | Entered Level 13 of a ziggurat
 75800 | Zig:13   | Found the +10 zealot's sword {holy, *Rage rN+ EV+3}
 75800 | Zig:13   | Noticed a juggernaut
 75801 | Zig:13   | Noticed a juggernaut
 75802 | Zig:13   | Noticed a juggernaut
 75803 | Zig:13   | Killed a juggernaut
 75803 | Zig:13   | Killed a juggernaut
 75804 | Zig:13   | Reached skill level 5 in Throwing
 75807 | Zig:13   | Killed a juggernaut
 75811 | Zig:13   | Found the +8 whip "Snakebite" {curare, rPois}
 75837 | Zig:13   | Identified the +8 giant club "Qeabemac" {venom, Will-
                  | Int+5}
 75910 | Zig:14   | Entered Level 14 of a ziggurat
 75981 | Zig:15   | Entered Level 15 of a ziggurat
 76036 | Zig:16   | Entered Level 16 of a ziggurat
 76055 | Zig:16   | Noticed Noeng the pandemonium lord
 76055 | Zig:16   | Noticed Zarcheac the pandemonium lord
 76057 | Zig:16   | Noticed Dinwir the pandemonium lord
 76058 | Zig:16   | Killed Noeng the pandemonium lord
 76058 | Zig:16   | Noticed Yfec the pandemonium lord
 76063 | Zig:16   | Killed Dinwir the pandemonium lord
 76063 | Zig:16   | Noticed Pixiare the pandemonium lord
 76067 | Zig:16   | Killed Yfec the pandemonium lord
 76073 | Zig:16   | HP: 7/180 [Zarcheac the pandemonium lord (19)]
 76089 | Zig:16   | Killed Pixiare the pandemonium lord
 76098 | Zig:16   | Killed Zarcheac the pandemonium lord
 76194 | Zig:16   | Found the +10 morningstar "Eos" {elec, Halo rElec}
 76202 | Zig:16   | Identified the +4 plate armour "Ticid" {rPois Regen+}
 76240 | Zig:17   | Entered Level 17 of a ziggurat
 76463 | Zig:17   | Identified the +6 flail "Qaoxter" {vorpal, Str+6 Dex+2}
 76464 | Zig:17   | Identified the +4 mace of Apoly {speed, *Slow Fly rN+
                  | Dex+5}
 76485 | Zig:17   | Acquired 965 gold pieces
 76497 | Zig:18   | Entered Level 18 of a ziggurat
 76537 | Zig:18   | Noticed a dread lich
 76537 | Zig:18   | Noticed an ancient lich
 76539 | Zig:18   | Noticed a dread lich
 76540 | Zig:18   | Paralysed by a dread lich for 7 turns
 76545 | Zig:18   | HP: 8/181 [eidolon (8)]
 76545 | Zig:18   | HP: 2/181 [eidolon (6)]
 76545 | Zig:18   | Killed from afar by a vampire mage

Illustrated notes

Levels and vault maps discovered:
D:1:      lemuel_arrival_hallway, layout_basic, basic_ecumenical_altar,
          hangedman_feature_mirror, grunt_decor_resistance,
          chequers_serial_rivers_micro_e
D:2:      layout_loops_corners, basic_altar, chequers_serial_rivers_marsh,
          kennysheep_minor_cross, uniq_sigmund
D:3:      layout_rooms, lemuel_tele_altar, minmay_box_of_dots
D:4:      layout_loops_corners, tgw_sif
D:5:      layout_basic, minmay_fractal_squares_diagonal_5, uniq_duvessa,
          uniq_eustachio, uniq_blork_the_orc
D:6:      layout_loops_cross, tgw_kikubaaqudgha, minmay_temple_entry_offerings,
          uniq_menkaure, uniq_maggie, uniq_edmund
D:7:      layout_basic, serial_shops,
          nicolae_shop_temple_entry_statues_fountains, uniq_harold
D:8:      layout_basic, lemuel_crystal_altar, dpeg_lair_monsters, serial_rivers,
          chequers_serial_rivers_micro_b, chequers_serial_rivers_room_a,
          chequers_serial_rivers_room_b, chequers_serial_rivers_marsh,
          chequers_serial_rivers_room_b, chequers_serial_rivers_small_a
D:9:      layout_rooms, nicolae_overflow_crystal_walls,
          gammafunk_temple_overflow_statue, chequers_serial_rivers_micro_b,
          grunt_ministairs_1, uniq_erolcha
D:10:     layout_grid_maze, kennysheep_slug_shrine, uniq_fannar
D:11:     layout_gridville, nicolae_elyvilon_temple_path
D:12:     layout_stronghold, david_orc_3, grunt_ministairs_13,
          nicolae_ashenzari_skybound
D:13:     layout_big_octagon, hangedman_vaults_entry_quadrant_bands,
          gammafunk_ghost_necromancy
D:14:     layout_long_grid, serial_shops, shop, shop, hex_tiny
D:15:     grunt_enter_depths_hoard, layout_basic, serial_bayou_shore_a,
          gammafunk_ghost_mausoleum, gauntlet_entry_generic
Temple:   eino_temple_lava
Lair:1:   layout_roguey, serial_bayou_pond_e, grunt_megastairs_3,
          infiniplex_staircase_pool_2
Lair:2:   gammafunk_boulding_lane, layout_concentric_octagons,
          guppyfry_snake_entry_island, grunt_forest_small_clearings,
          lemuel_fruit_tree
Lair:3:   layout_roguey, hibernation_bobbens, uniq_nergalle, uniq_gastronok
Lair:4:   cheibrodos_lair_overgrown_chateau, layout_small_grid,
          minmay_shoals_entry_hut
Lair:5:   layout_loops_ring, minmay_slime_entry_pillars,
          chequers_serial_rivers_micro_e
Lair:6:   minmay_lair_end_frog_pond, layout_concentric_octagons,
          gammafunk_ghost_wrathful_warriors, chequers_serial_rivers_small_3
Shoals:1: layout_shoals, lemuel_altar_in_water
Shoals:2: layout_shoals, serial_shops, shop, uniq_polyphemus
Shoals:3: layout_shoals, serial_shops, shop, shop_statue,
          wheals_shoals_ruined_temple
Shoals:4: shoals_end_simple, layout_shoals, serial_shops,
          nicolae_shop_behind_doors, ebering_ghost_xom, uniq_louise,
          uniq_bai_suzhen
Snake:1:  layout_cave_shapes, grunt_megastairs_2
Snake:2:  layout_misc_corridors
Snake:3:  layout_cave_pods, minmay_shop_mayhem, guppyfry_snake_island
Snake:4:  grunt_snake_rune_serpentine_throne, layout_cave_town, serial_shops,
          nicolae_shop_temple_entry_statues_fountains, guppyfry_library_mini
Orc:1:    layout_caves, library_closet
Orc:2:    grunt_orc_community_town_hall, layout_diamond_mine,
          grunt_orc_community_big_house_1, grunt_orc_community_big_house_1,
          grunt_orc_community_house_2, grunt_orc_community_house_2,
          grunt_orc_community_house_3, grunt_orc_community_house_2,
          grunt_orc_community_house_3, elf_legates
Elf:1:    layout_rooms, hangedman_elven_crosses_minicolossus,
          minmay_checkered_concentric_circles
Elf:2:    layout_loops_corners, basic_altar
Elf:3:    minmay_elf_hall, layout_rooms, minivault_5
Vaults:1: v_rooms_6, nicolae_vaults_border_crossing,
          nicolae_vaults_little_squares_6, nicolae_vaults_disjoint_gnomons,
          vaults_room_fancy_cross, vaults_dpeg_doors,
          nicolae_vaults_ring_of_whatevers, dpeg_vaults_waves, v_alt_pattern_2,
          nicolae_vaults_circle_grid_a, layout_vaults_big_cross, serial_shops,
          nicolae_shop_crystal
Vaults:2: ontoclasm_vaults_claustrophobia, st_greater_box_4,
          ontoclasm_vaults_ring_square, vaults_mumra_hex,
          hangedman_vaults_impose, vaults_dpeg_hooks,
          layout_vaults_chaotic_city, serial_shops, shop, uniq_margery
Vaults:3: gammafunk_vaults_ghost_split, v_misc_19,
          nicolae_vaults_windows_and_doors_thing, ontoclasm_vaults_ligature,
          minmay_crypt_entry_simple_sparse, v_alt_pattern_2,
          nicolae_vaults_mini_display_case, nicolae_vaults_ninety_degrees,
          v_misc_8, v_misc_9, vaults_room_fours, vaults_room_grid, v_misc_22,
          v_misc_24, grunt_vaults_diagonal, layout_vaults_omnibox, serial_shops,
          nicolae_shop_trees, uniq_mennas, uniq_mara, uniq_aizul, uniq_jory
Vaults:4: vaults_mumra_minichess, ontoclasm_vaults_spin,
          nicolae_vaults_circle_grid_a, v_misc_12, nicolae_vaults_theta,
          nicolae_vaults_specimen_jars, nicolae_vaults_diagonal_hallway_9,
          v_rooms_4, hangedman_vaults_trim, vaults_room_fours,
          vaults_room_pools, layout_vaults_omnigrid
Vaults:5
Crypt:1:  layout_gridlike
Crypt:2:  layout_basic
Crypt:3:  grunt_crypt_end_deaths_head
Depths:1: layout_cave_shapes, nicolae_wu_jian_wuxing_cycle, hellmouth_3,
          grunt_decor_junction, okawaru_altar_gauntlet_db
Depths:2: minmay_the_grid_ultimate [minmay_the_grid_prize_trominoes,
          minmay_the_grid_prize_four_corners_diamond_b,
          minmay_the_grid_prize_shrinking_boxes,
          minmay_the_grid_prize_four_corners,
          minmay_the_grid_square_5x5_checkered_sparse,
          minmay_the_grid_square_5x5_eight, minmay_the_grid_square_5x5_dogpile,
          minmay_the_grid_square_5x5_doubleslash,
          minmay_the_grid_square_5x5_half_checkered,
          minmay_the_grid_square_5x5_minivault,
          minmay_the_grid_square_5x5_three,
          minmay_the_grid_square_5x5_checkered,
          minmay_the_grid_square_5x5_eight_small,
          minmay_the_grid_square_5x5_fancy_junction,
          minmay_the_grid_square_5x5_beaten_path,
          minmay_the_grid_square_5x5_inverted_slash,
          minmay_the_grid_square_5x5_bridge, minmay_the_grid_square_5x5_tie,
          minmay_the_grid_square_5x5_empty,
          minmay_the_grid_triangle_9x9_wacky_v,
          minmay_the_grid_triangle_9x9_from_above,
          minmay_the_grid_triangle_9x9_corrupted_corridor,
          minmay_the_grid_triangle_9x9_tough_junction,
          minmay_the_grid_triangle_9x9_corruption,
          minmay_the_grid_triangle_9x9_dagger,
          minmay_the_grid_triangle_9x9_intruding_spiral,
          minmay_the_grid_triangle_9x9_skeleton,
          minmay_the_grid_triangle_9x9_sparse_checkered,
          minmay_the_grid_triangle_9x9_semitri,
          minmay_the_grid_triangle_9x9_fully_insulated_deathbox,
          minmay_the_grid_triangle_9x9_descending_squares,
          minmay_the_grid_triangle_9x9_steps,
          minmay_the_grid_triangle_9x9_negative_grid,
          minmay_the_grid_triangle_9x9_flanged_cone,
          minmay_the_grid_triangle_9x9_checkered, minmay_the_grid_square_5x5_n,
          minmay_the_grid_octo_vomiting_pacman, minmay_the_grid_octo_teeth,
          minmay_the_grid_octo_clover_2, minmay_the_grid_octo_horde,
          minmay_the_grid_octo_empty, minmay_the_grid_octo_tetromino_candy,
          minmay_the_grid_octo_empty, minmay_the_grid_octo_odd_swirl,
          minmay_the_grid_spikes, minmay_the_grid_outer_circle,
          minmay_the_grid_armoury, minmay_the_grid_dragon_b], serial_shops,
          hell_entry
Depths:3: hangedman_crystal_crosses_colossus [crystal_crosses_arms_four,
          crystal_crosses_arms_two, crystal_crosses_arms_two,
          crystal_crosses_arms_one], pan_entry, hell_entry
Depths:4: gold_lair_mu, layout_long_grid, enter_ziggurat_f,
          grunt_hell_entry_dis_mu, abyss_entry, bh_walls_and_bars,
          glass_columns_b, minmay_staircase_statues, serial_bayou_shore_b,
          minmay_shoptagon
Depths:5: grunt_zot_entry_hairpin, layout_cave_shapes, hell_entry
Zig:18:   ziggurat_pillar_centre_oklobs, ziggurat_pillar_centre_oklobs,
          ziggurat_pillar_centre_oklobs, ziggurat_pillar_centre_oklobs

Skill      XL: |  1  2  3  4  5  6  7  8  9 10 11 12 13 14 15 16 17 18 19 20 21 22 23 24 25 26 27 |
---------------+----------------------------------------------------------------------------------+-----
Earth Magic    | 4 5 6 7 8 9 10 11 12 13 14 15 16 17 20 21 22 | 22.0
Spellcasting   | 3 4 5 6 7 8 9 10 11 12 13 15 16 17 18 22 | 22.2
Conjurations   | 2 3 5 6 7 8 9 10 11 12 13 14 15 20 | 20.0
Armour         | 3 4 6 |  6.0
Fighting       | 3 4 5 7 8 9 10 11 12 13 14 15 16 22 | 22.2
Maces & Flails | 3 4 5 6 7 8 9 10 11 12 13 14 15 16 | 16.0
Dodging        | 3 4 5 6 7 8 9 10 11 12 13 15 | 15.1
Evocations     | 2 3 4 5 6 7 8 9 10 | 10.0
Fire Magic     | 3 5 7 9 10 11 13 15 17 18 19 22 | 22.0
Throwing       | 7 |  7.0
Stealth        | |  2.1
Transmutations | |  0.7

Action                   |  1- 3 |  4- 6 |  7- 9 | 10-12 | 13-15 | 16-18 | 19-21 | 22-24 | 25-27 || total
-------------------------+-------+-------+-------+-------+-------+-------+-------+-------+-------++-------
Melee: Unarmed           |     4 |       |       |       |       |       |       |       |       ||     4
       Whip              |    65 |   144 |    87 |       |       |       |       |       |       ||   296
       Rapier            |       |       |    66 |       |       |       |       |       |       ||    66
       Quarterstaff      |       |       |    51 |   355 |   980 |   557 |   669 |   517 |   286 ||  3415
       Kick              |       |       |       |    50 |   269 |   144 |   203 |   136 |   470 ||  1272
       Demon whip        |       |       |       |       |       |       |       |       |  1197 ||  1197
 Cast: Sandblast         |    25 |    20 |    27 |    64 |    27 |     1 |     8 |       |       ||   172
       Stone Arrow       |       |       |    36 |    56 |    10 |       |     4 |     3 |    10 ||   119
       Lee's Rapid Decon |       |       |     2 |    42 |    46 |    30 |    49 |    45 |    22 ||   236
       Iron Shot         |       |       |       |    29 |    78 |    81 |   211 |   164 |   131 ||   694
       Fireball          |       |       |       |       |     2 |     6 |    48 |     3 |     1 ||    60
       Irradiate         |       |       |       |       |       |     5 |    26 |     5 |       ||    36
       Ignition          |       |       |       |       |       |       |    39 |    84 |    57 ||   180
       Shatter           |       |       |       |       |       |       |       |    40 |   265 ||   305
Evoke: Wand              |       |    11 |     7 |    18 |     8 |    13 |     5 |       |     6 ||    68
       Phial of floods   |       |       |       |     2 |     1 |     1 |     1 |     1 |       ||     6
       Condenser vane    |       |       |       |       |     1 |     2 |     3 |     3 |     1 ||    10
       Phantom mirror    |       |       |       |       |       |       |     1 |       |       ||     1
       Box of beasts     |       |       |       |       |       |       |       |       |     1 ||     1
  Use: Potion            |     3 |     1 |     3 |    10 |     4 |     3 |     5 |    13 |    13 ||    55
       Scroll            |     2 |     8 |     8 |    10 |    14 |     9 |     6 |    14 |    20 ||    91
 Stab: Sleeping          |     2 |     3 |     2 |     1 |     7 |     2 |       |       |     2 ||    19
       Distracted        |       |     1 |       |       |     2 |       |       |     2 |     1 ||     6
       Paralysed         |       |       |       |     2 |       |     4 |       |       |       ||     6
       Petrified         |       |       |       |       |     6 |       |       |       |       ||     6
       Invisible         |       |       |       |       |       |       |       |       |     3 ||     3
Armor: Robe              |    44 |    63 |    77 |       |       |       |       |       |    36 ||   220
       Steam dragon scal |       |       |    39 |   420 |   746 |   411 |   672 |   504 |   875 ||  3667
Dodge: Dodged            |    74 |   103 |   181 |   478 |   911 |   454 |   691 |   537 |   943 ||  4372

Table legend: (Time is in decaauts)
 A = Elapsed time spent in this place.
 B = Non-inter-level travel time spent in this place.
 C = Inter-level travel time spent in this place.
 D = Time resting spent in this place.
 E = Time spent auto-exploring this place.
 F = Levels seen in this place.
 G = Mean time per level.
                   A        B        C        D        E       F      G
               +--------+--------+--------+--------+--------+-----+--------+
         Total |  76155 |  71227 |   4928 |  13063 |  42997 |  68 | 1119.9 |
       Dungeon |  23631 |  21920 |   1711 |   3819 |  14987 |  15 | 1575.4 |
        Temple |     16 |      8 |      8 |      0 |      0 |   1 |   16.0 |
          Lair |   7452 |   6782 |    670 |    205 |   4658 |   6 | 1242.0 |
        Shoals |   6116 |   5929 |    187 |   1034 |   3409 |   4 | 1529.0 |
     Snake Pit |   6491 |   6072 |    419 |   1523 |   3326 |   4 | 1622.8 |
  Orcish Mines |   2526 |   2316 |    210 |    493 |   1097 |   2 | 1263.0 |
   Elven Halls |   4103 |   3912 |    191 |    931 |   1954 |   3 | 1367.7 |
        Vaults |   9570 |   8666 |    904 |    899 |   6101 |   5 | 1914.0 |
         Crypt |   3098 |   2946 |    152 |    305 |   1670 |   3 | 1032.7 |
        Depths |  10478 |  10006 |    472 |   2876 |   5281 |   5 | 2095.6 |
         Abyss |    558 |    558 |      0 |     29 |    297 |   1 |  558.0 |
      Ziggurat |   1551 |   1551 |      0 |    731 |      3 |  18 |   86.2 |
      Gauntlet |    559 |    559 |      0 |    216 |    213 |   1 |  559.0 |
               +--------+--------+--------+--------+--------+-----+--------+

Top non-repeatable levels by time:
Depths:2: 3253 daAuts
Vaults:2: 2228 daAuts
    D:12: 2119 daAuts
Vaults:1: 2083 daAuts
Shoals:4: 2082 daAuts
Depths:4: 2082 daAuts
Vaults:3: 2047 daAuts
    D:13: 2031 daAuts
     D:4: 2019 daAuts
     D:5: 2004 daAuts
Depths:5: 1967 daAuts
 Snake:3: 1965 daAuts
Depths:1: 1945 daAuts
     D:8: 1823 daAuts
Vaults:4: 1737 daAuts
